 Dungeon Crawl Stone Soup version 0.16-a0-421-gd787d97 (webtiles) character file.

63 Kashira the Chiller (level 3, -1/14 HPs)
             Began as a Felid Ice Elementalist on Sept 15, 2014.
             Slain by a jackal (3 damage)
             ... on Level 2 of the Dungeon.
             The game lasted 00:09:16 (1678 turns).

Kashira the Chiller (Felid Ice Elementalist)        Turns: 1678, Time: 00:09:16

HP  -1/14        AC  1     Str  4      XL: 3   Next: 87%
MP   5/8         EV 21     Int 17      God:
Gold 59          SH  0     Dex 21      Spells:  3 memorised,  1 level left
Lives: 0, deaths: 0

rFire  . . .     SeeInvis +     (weapon unavailable)
rCold  . . .     Clarity  .     (armour unavailable)
rNeg   . . .     rCorr    .     (shield unavailable)
rPois  .         rRot     .     (helmet unavailable)
rElec  .         Spirit   .     (cloak unavailable)
SustAb .         Warding  .     (gloves unavailable)
rMut   .         Stasis   +     (boots unavailable)
Gourm  .                        a - amulet of stasis
MR     .....                    h - cursed -2 ring of slaying
                                l - cursed -3 ring of evasion

@: agile, quick, not resistant to hostile enchantments, stealthy
A: paw claws, no armour, no weapons or thrown items, fangs 3, see invisible,
carnivore 3, speed 1, shaggy fur 1, slow metabolism 1, jump 1
a: Jump Attack


You were on level 2 of the Dungeon.
You were completely stuffed.

You visited 1 branch of the dungeon, and saw 2 of its levels.

You collected 59 gold pieces.

Inventory:

Comestibles
 c - a meat ration
Scrolls
 g - a scroll of teleportation
Jewellery
 a - an amulet of stasis (around neck)
 h - a cursed -2 ring of slaying (right paw)
 k - a cursed -2 ring of evasion
 l - a cursed -3 ring of evasion (left paw)
Potions
 e - a potion of brilliance
 f - a potion of curing
Books
 b - a book of Frost

   Spells                             Type                      Level
   *Freeze                            Ice                          1
   *Throw Frost                       Conjuration/Ice              2
   *Ozocubu's Armour                  Charms/Ice                   3
   Throw Icicle                       Conjuration/Ice              4
   Summon Ice Beast                   Ice/Summoning                4
   Condensation Shield                Ice                          4


   Skills:
 + Level 3.2 Dodging
 + Level 3.0 Stealth
 + Level 0.4 Unarmed Combat
 + Level 2.9 Spellcasting
 + Level 0.8 Conjurations
 * Level 3.3 Ice Magic


You had one spell level left.
You knew the following spells:

 Your Spells              Type           Power        Failure   Level  Hunger
a - Freeze                Ice            ##..         4%          1    #......
b - Throw Frost           Conj/Ice       #.....       14%         2    ##.....
c - Ozocubu's Armour      Chrm/Ice       #.......     30%         3    ###....


Dungeon Overview and Level Annotations

Branches:
Dungeon (2/15)

Altars:


Innate Abilities, Weirdness & Mutations

You cannot wear armour.
You are incapable of wielding weapons or throwing items.
Your paws have sharp claws.
You have razor-sharp teeth.
You have supernaturally acute eyesight.
You are carnivorous and can eat meat at any time.
You cover ground quickly.
You are covered in fur (AC +1).
You have a slow metabolism.
You can jump attack at a short distance.


Message History

The jackal bites you.
* * * LOW HITPOINT WARNING * * *
Drink which item? (? for menu, Esc to quit)
Okay, then.
Read which item? (? for menu, Esc to quit)
Okay, then.
The goblin shouts!
The jackal barely misses you. The jackal bites you.
* * * LOW HITPOINT WARNING * * *
Things that are here:
a hand axe; 2 stones; a rotting hobgoblin corpse Read which item? (? for menu, Esc to quit)
You cannot teleport right now.
Read which item? (? for menu, Esc to quit)
You cannot teleport right now.
Drink which item? (? for menu, Esc to quit)
You feel agile all of a sudden.
It was a potion of agility.
The jackal bites you.
You die...

##.#.##.##.#
....#....##.# ##
#######.#
...#(......#
#.#(####### #.#(#
#.#.# . #.#.# ...
# #g#@# ....#.
..S#h#
......####.####S#
#.......g##.#
##)# #. #S##.#
#.g# . #.((.#
##.# #. ##(###
#g# # #.#####.#
####.# # ...#...#
#....#


You could see an adder, a jackal, a hobgoblin and a goblin.

Vanquished Creatures
  Terence (D:2)
  An adder (D:2)
  A ball python (D:1)
  5 giant cockroaches
  3 hobgoblins
  4 jackals
  6 bats
  6 giant newts
  5 goblins
  3 kobolds
  5 rats
40 creatures vanquished.

Notes
Turn   | Place    | Note
--------------------------------------------------------------
     0 | D:1      | Kashira, the Felid Ice Elementalist, began the quest for the Orb.
     0 | D:1      | Reached XP level 1. HP: 7/7 MP: 4/4
    86 | D:1      | Reached XP level 2. HP: 6/11 MP: 1/6
   303 | D:1      | Reached skill level 3 in Dodging
   307 | D:1      | Learned a level 2 spell: Throw Frost
  1153 | D:2      | Reached XP level 3. HP: 14/14 MP: 5/8
  1158 | D:2      | Learned a level 3 spell: Ozocubu's Armour
  1450 | D:2      | Noticed Terence
  1592 | D:2      | Killed Terence
  1678 | D:2      | Slain by a jackal

Action                   || total
-------------------------++-------
Melee: Unarmed           ||    42
 Cast: Freeze            ||    51
       Throw Frost       ||     7
       Ozocubu's Armour  ||     1
 Abil: Jump Attack       ||     2
  Use: Scroll            ||     5
       Potion            ||     3
  Eat: Chunk             ||    10
